 Dungeon Crawl Stone Soup version 0.31-a0-496-g6f97920a28 (webtiles) character file.

Game seed: 4508372276883692914

120 randomguy2701 the Stinger (level 5, -6/31 HPs)
             Began as an Octopode Venom Mage on Aug 8, 2023.
             Mangled by a gnoll
             ... wielding a +0 flail
             ... led by a gnoll bouda
              (14 damage)
             ... on level 3 of the Dungeon.
             The game lasted 00:04:32 (2938 turns).

randomguy2701 the Stinger (Octopode Venom Mage)     Turns: 2938, Time: 00:04:33

Health: -6/31      AC:  1    Str:  7    XL:     5   Next: 4%
Magic:  6/9        EV: 13    Int: 19    God:
Gold:   76         SH:  0    Dex: 13    Spells: 8/9 levels left

rFire   . . .        (no weapon)
rCold   . . .        (no shield)
rNeg    . . .        (helmet restricted)
rPois   .            (no amulet)
rElec   .            (no ring)
rCorr   .            (no ring)
SInv    .            (no ring)
Will    .....        (no ring)
Stlth   +++          (no ring)
HPRegen 0.25/turn    (no ring)
MPRegen 0.11/turn    (no ring)
                     (no ring)

%: no passive effects
@: no status effects
A: almost no armour, amphibious, 8 rings, camouflage 1, gelatinous body 1,
(nimble swimmer 1), tentacles
a: no special abilities


You were on level 3 of the Dungeon.
You visited 1 branch of the dungeon, and saw 3 of its levels.

You collected 76 gold pieces.

Inventory:

Missiles
 n - a throwing net
Scrolls
 c - a scroll of acquirement {unknown}
 d - 2 scrolls of summoning {unknown}
 g - a scroll of amnesia {unknown}
 j - a scroll of poison {unknown}
 k - 3 scrolls of identify {unknown}
 m - 2 scrolls of enchant armour {unknown}
 o - 3 scrolls of vulnerability {unknown}
Potions
 a - a potion of magic
 b - 4 potions of haste {unknown}
 e - a potion of heal wounds {unknown}
 f - a potion of degeneration {unknown}
 h - a potion of curing {unknown}
 i - a potion of enlightenment {unknown}
 l - a potion of brilliance {unknown}


   Skills:
 + Level 2.1 Dodging
 + Level 3.3 Stealth
 + Level 2.9 Spellcasting
 + Level 2.3 Transmutations
 + Level 4.9 Poison Magic


You had 8 spell levels left.
You knew the following spells:

 Your Spells              Type           Power      Damage    Failure   Level
a - Sting                 Tmut/Pois      64%        1d6       3%          1

Your spell library contained the following spells:

 Spells                   Type           Power      Damage    Failure   Level
 Poisonous Vapours        Pois/Air       24%        N/A       9%          2
 Olgreb's Toxic Radiance  Pois           21%        N/A       21%         4
 Mephitic Cloud           Conj/Pois/Air  9%         N/A       24%         3
 Gell's Gravitas          Tloc           2%         N/A       43%         3
 Teleport Other           Tloc           2%         N/A       43%         3
 Vhi's Electric Charge    Tloc/Air       4%         N/A       43%         3
 Arcjolt                  Conj/Air       1%         1d11      99%         5
 Dispersal                Tloc           1%         N/A       100%        6
 Plasma Beam              Fire/Air       1%         2x1d11    100%        6


Dungeon Overview and Level Annotations

Branches:
Dungeon (3/15)

Altars:
Nemelex Xobeh
Qazlal
The Shining One

Shops:
D:1 =


Innate Abilities, Weirdness & Mutations

You cannot wear most types of armour.
You are amphibious.
You can wear up to eight rings at the same time.
Your skin changes colour to match your surroundings (Stealth+).
Your rubbery body absorbs attacks. (AC +1, EV +1)
((You are camouflaged when in or above water. (Stealth+)))
You have tentacles for arms and can constrict up to eight enemies at once.


Message History

You can't see any susceptible monsters within range! (Use Z to cast anyway.)
You can't see any susceptible monsters within range! (Use Z to cast anyway.)
There is a stone staircase leading down here.
You can't see any susceptible monsters within range! (Use Z to cast anyway.)
You can't see any susceptible monsters within range! (Use Z to cast anyway.)
A gnoll comes into view. It is wielding a +0 spear.
Found 11 gold pieces.
The sting hits the ball python.
The ball python is poisoned.
You kill the ball python!
The gnoll shouts!
You hear a shout!
A gnoll comes into view. It is wielding a +0 spear.
You can't see any susceptible monsters within range! (Use Z to cast anyway.)
The gnoll bouda shouts!
The gnoll shouts!
You hear a shout!
The gnoll hits the plant with a +0 spear!
The plant begins to die.
The gnoll bouda barks out a call to the hunt!
The gnolls pick up the pace!
The sting misses the gnoll.
A gnoll comes into view. It is wielding a +0 halberd.
There is a stone staircase leading down here.
The gnoll barely misses you.
You see here a +0 rapier.
The gnoll attacks as you move away! The gnoll hits you with a +0 flail.
The gnoll attacks as you move away! The gnoll closely misses you.
The gnoll hits you with a +0 flail.
The sting hits the gnoll.
The gnoll is poisoned.
The gnoll is heavily wounded.
The gnoll misses you.
The sting hits the gnoll.
The gnoll looks even sicker.
The gnoll is severely wounded.
The gnoll hits you with a +0 flail. The gnoll attacks as you move away!
The gnoll hits you with a +0 flail!
* * * LOW HITPOINT WARNING * * *
The gnoll attacks as you move away! The gnoll closely misses you.
The gnoll is no longer moving quickly.
The gnoll bouda barks out a call to the hunt!
The gnoll picks up the pace!
The gnoll attacks as you move away! The gnoll closely misses you.
The gnoll is no longer moving quickly.
The gnoll hits you with a +0 flail!
You die...

####.#
#.#
.....#
#.#
######
##.#
#..#
##.##
##..#
##..##
#..##
###@##
#.g.#
#.###
##g#
#g.#
#.##
#.#
###.#
#..g#


You could see a gnoll bouda and 2 gnolls.

Vanquished Creatures
  Terence (D:2)
  4 gnolls (D:3)
  An adder (D:3)
  2 worms (D:2)
  3 dart slugs
  5 endoplasms
  2 giant cockroaches
  2 goblins (D:2)
  3 hobgoblins
  2 quokkas (D:1)
  6 ball pythons
  3 bats
  3 frilled lizards
  2 kobolds
  2 rats (D:2)
41 creatures vanquished.

Notes
Turn   | Place    | Note
-------+----------+-------------------------------------------
     0 | D:1      | randomguy2701 the Octopode Venom Mage began the quest for
                  | the Orb.
     0 | D:1      | Reached XP level 1. HP: 11/11 MP: 3/3
   325 | D:1      | Reached XP level 2. HP: 17/17 MP: 0/5
   391 | D:1      | Reached skill level 4 in Poison Magic
   518 | D:1      | Found Vyelemn's Jewellery Shop.
   981 | D:2      | Found a stormy altar of Qazlal.
  1034 | D:2      | Reached XP level 3. HP: 21/21 MP: 4/6
  1303 | D:2      | Noticed Terence
  1312 | D:2      | Killed Terence
  1313 | D:2      | Reached XP level 4. HP: 26/27 MP: 2/8
  2352 | D:3      | Found a glowing golden altar of the Shining One.
  2352 | D:3      | Found a sparkling altar of Nemelex Xobeh.
  2624 | D:3      | Reached XP level 5. HP: 24/31 MP: 2/9
  2938 | D:3      | Mangled by a gnoll

Illustrated notes

Levels and vault maps discovered:
D:1:      psy_arrival_dodecagon, layout_basic, serial_shops, shop,
          minmay_misc_feat_enclosed
D:2:      layout_basic, basic_altar, minmay_heptomino_h4, uniq_terence
D:3:      layout_basic, grunt_temple_overflow_open, nicolae_grassy_gnolls,
          uniq_sigmund

Skill      XL: |  1  2  3  4 |
---------------+-------------+-----
Poison Magic   | 4 |  4.9
Stealth        | 3 |  3.3
Transmutations | 2 |  2.3
Dodging        | |  2.1
Spellcasting   | |  2.9

Action                     |  1- 3 |  4- 6 || total
---------------------------+-------+-------++-------
  Melee: Unarmed           |     2 |       ||     2
         Constrict         |     1 |       ||     1
         Tentacles         |     1 |       ||     1
   Cast: Sting             |    56 |    41 ||    97
 Armour: Skin              |     2 |     1 ||     3
  Dodge: Dodged            |    11 |    17 ||    28

Table legend: (Time is in decaauts)
 A = Elapsed time spent in this place.
 B = Non-inter-level travel time spent in this place.
 C = Inter-level travel time spent in this place.
 D = Time resting spent in this place.
 E = Time spent auto-exploring this place.
 F = Levels seen in this place.
 G = Mean time per level.
                   A        B        C        D        E       F      G
               +--------+--------+--------+--------+--------+-----+--------+
         Total |   2938 |   2755 |    183 |      0 |   2401 |   3 |  979.3 |
       Dungeon |   2938 |   2755 |    183 |      0 |   2401 |   3 |  979.3 |
               +--------+--------+--------+--------+--------+-----+--------+

Top non-repeatable levels by time:
     D:2: 1601 daAuts
     D:1: 783 daAuts
     D:3: 553 daAuts
